 Dungeon Crawl Stone Soup version 0.29-a0-356-g7bc237e783 (webtiles) character file.

Game seed: 8490510102652451226

132 Morbidden the Conjurer (level 4, -1/32 HPs)
             Began as a Demonspawn Conjurer on Apr 25, 2022.
             Killed by nerve-wracking pain
             ... invoked by an orc priest
              (14 damage)
             ... on level 2 of the Dungeon on Apr 26, 2022.
             The game lasted 00:03:26 (3087 turns).

Morbidden the Conjurer (Demonspawn Conjurer)        Turns: 3087, Time: 00:03:27

Health: -1/32      AC:  2    Str:  8    XL:     4   Next: 92%
Magic:  5/7        EV:  9    Int: 21    God:
Gold:   72         SH:  0    Dex: 11    Spells: 5/8 levels left

rFire   . . .      SeeInvis .   a - +0 dagger
rCold   . . .      Faith    .   (no shield)
rNeg    . . .      Spirit   .   c - +0 robe
rPois   .          Reflect  .   (no helmet)
rElec   .          Harm     .   (no cloak)
rCorr   .          Rampage  .   (no gloves)
Will    .....                   (no boots)
Stlth   ++........              (no amulet)
HPRegen 0.10/turn               (no ring)
MPRegen 0.10/turn               (no ring)

@: very slightly contaminated, constricted
A: ignite blood 1, demonic touch 1
a: no special abilities


You were on level 2 of the Dungeon.
You visited 1 branch of the dungeon, and saw 3 of its levels.

You collected 72 gold pieces.

Inventory:

Hand Weapons
 a - a +0 dagger (weapon)
Armour
 c - a +0 robe (worn)
Jewellery
 f - an amulet of guardian spirit
Scrolls
 b - 2 scrolls of magic mapping {unknown}
 d - 4 scrolls of identify {unknown}
 e - a scroll of blinking {unknown}
 g - a scroll of amnesia {unknown}
Potions
 h - a potion of resistance {unknown}


   Skills:
 * Level 1.1 Fighting
 + Level 0.1 Short Blades
 * Level 2.0 Dodging
 + Level 1.9 Stealth
 * Level 2.6 Spellcasting
 * Level 5.5 Conjurations


You had 5 spell levels left.
You knew the following spells:

 Your Spells              Type           Power      Damage    Failure   Level
a - Magic Dart            Conj           100%       1d8       1%          1
b - Searing Ray           Conj           52%        2d6       2%          2

Your spell library contained the following spells:

 Spells                   Type           Power      Damage    Failure   Level
 Dazzling Flash           Conj/Hex       28%        N/A       13%         3
 Sting                    Tmut/Pois      8%         1d3       14%         1
 Poisonous Vapours        Pois/Air       4%         N/A       22%         2
 Fulminant Prism          Conj/Hex       7%         3d7       41%         4
 Iskenderun's Mystic Bla  Conj/Tloc      14%        2d5       41%         4
 Olgreb's Toxic Radiance  Pois           2%         N/A       80%         4


Dungeon Overview and Level Annotations

Branches:
Dungeon (3/15)

Altars:


Innate Abilities, Weirdness & Mutations

Your demonic aura sometimes causes spilled blood to erupt in flames.
Your touch may inflict minor irresistible damage on your foes.


Message History

The ball python's grasp on you weakens, but your attempt to escape fails.
A ball python comes into view.
The ball python closely misses you. The ball python constricts you.
The howler monkey barely misses you.
A hobgoblin comes into view.
The orc wizard points at you and mumbles some strange words.
The magic dart hits you.
The orc priest hits you with a +0 dagger.
The orc barely misses you.
Unknown command.
Unknown command.
Unknown command.
Unknown command.
You escape the ball python's grasp.
The ball python closely misses you. x2
The howler monkey hits you but does no damage.
The orc wizard hits you with a +0 dagger.
The orc priest barely misses you. The orc barely misses you.
You climb upwards.
There is a stone staircase leading down here.
Unknown command.
Unknown command.
Unknown command.
Casting: Magic Dart (safe; 1% risk of failure)
Confirm with . or Enter, or press ? or * to list all spells.
Aiming: Searing Ray (safe; 2% risk of failure)
Press: ? - help, Shift-Dir - straight line, f - orc priest
Aim: an orc priest, wielding a +0 dagger (79% to hit)
You miscast Searing Ray.
You are very lightly contaminated with residual magic.
Nothing appears to happen.
The ball python bites you. The ball python grabs you.
The ball python constricts you. The howler monkey barely misses you.
The orc priest barely misses you.
The orc wizard hits you but does no damage.
Unknown command.
Unknown command.
The ball python bites you but does no damage.
The ball python constricts you. The howler monkey hits you.
The orc priest calls down the wrath of Beogh upon you.
Pain shoots through your body!
You die...

######### #.......# #.......#
###### #.......# #....#
#.......# ## ##.##.# #.......#
.# #...#.# #...<...# .##
##.##h###......># ..#
##.##o@S........# #.#
#...##o##.......# #.#
#####.##..####.##### #.#
#..##.##### #.# #.#
####.##...# #.######## #.#
#.....##.########)#......#
#.###.##.###.......##.#......#
......#..# #######.##......).#
##..#...## #.....##.####


You could see a howler monkey, an orc priest, an orc wizard and a ball python.

Vanquished Creatures
  An orc priest (D:3)
  4 adders (D:2)
  3 worms (D:2)
  2 orcs
  6 ball pythons
  3 bats
  6 endoplasms
  4 giant cockroaches
  9 goblins
  3 hobgoblins (D:1)
  2 frilled lizards
  11 kobolds
  3 rats (D:1)
57 creatures vanquished.

Notes
Turn   | Place    | Note
-------+----------+-------------------------------------------
     0 | D:1      | Morbidden the Demonspawn Conjurer began the quest for the
                  | Orb.
     0 | D:1      | Reached XP level 1. HP: 13/13 MP: 3/3
   261 | D:1      | Found a faded altar of an unknown god.
   285 | D:1      | Gained mutation: Your touch may inflict minor irresistible
                  | damage on your foes. [demonic ancestry]
   285 | D:1      | Reached XP level 2. HP: 20/20 MP: 3/5
   899 | D:1      | Reached XP level 3. HP: 25/25 MP: 4/6
   998 | D:1      | Reached skill level 1 in Fighting
  1836 | D:2      | Reached skill level 5 in Conjurations
  1893 | D:2      | Learned a level 2 spell: Searing Ray
  1951 | D:2      | Gained mutation: Your demonic aura sometimes causes spilled
                  | blood to erupt in flames. [demonic ancestry]
  1951 | D:2      | Reached XP level 4. HP: 28/32 MP: 4/7
  3087 | D:2      | Killed from afar by an orc priest

Illustrated notes

Levels and vault maps discovered:
D:1:      giann_wishing_wells, layout_loops_ring, ebering_ecumenical_altar_hall
D:2:      layout_rooms, amcnicky_mini_corridor_feature
D:3:      layout_rooms

Skill      XL: |  1  2  3  4 |
---------------+-------------+-----
Fighting       | 1 |  1.1
Conjurations   | 5 |  5.5
Dodging        | 2 |  2.0
Short Blades   | |  0.1
Stealth        | |  1.9
Spellcasting   | |  2.6

Action                   |  1- 3 |  4- 6 || total
-------------------------+-------+-------++-------
Melee: Dagger            |    40 |     6 ||    46
       Touch             |    10 |     2 ||    12
 Cast: Magic Dart        |    71 |    32 ||   103
       Searing Ray       |     1 |     1 ||     2
  Use: Potion            |     2 |       ||     2
Armor: Robe              |     9 |     3 ||    12
Dodge: Dodged            |    37 |    19 ||    56

Table legend: (Time is in decaauts)
 A = Elapsed time spent in this place.
 B = Non-inter-level travel time spent in this place.
 C = Inter-level travel time spent in this place.
 D = Time resting spent in this place.
 E = Time spent auto-exploring this place.
 F = Levels seen in this place.
 G = Mean time per level.
                   A        B        C        D        E       F      G
               +--------+--------+--------+--------+--------+-----+--------+
         Total |   3089 |   2928 |    161 |    570 |   2058 |   3 | 1029.7 |
       Dungeon |   3089 |   2928 |    161 |    570 |   2058 |   3 | 1029.7 |
               +--------+--------+--------+--------+--------+-----+--------+

Top non-repeatable levels by time:
     D:1: 1796 daAuts
     D:2: 1271 daAuts
     D:3: 21 daAuts
